 Dungeon Sprint DCSS version 0.23.2-40-g277498a (webtiles) character file.

Game seed: 7233473618452097314

259 silentkaos13 the Slasher (level 5, -1/42 HPs)
             Began as a Demonspawn Gladiator on Oct 9, 2019.
             Splashed by a jelly's acid (8 damage)
             ... in the Dungeon (Sprint I: "Red Sonja").
             The game lasted 00:00:47 (310 turns).

silentkaos13 the Slasher (Demonspawn Gladiator)      Turns: 310, Time: 00:00:49

Health: -1/42      AC:  4    Str: 15    XL:     5   Next: 95%
Magic:  5/5        EV: 16    Int: 10    God:
Gold:   162        SH:  0    Dex: 14    Spells: 4/4 levels left

rFire    . . .     SeeInvis .   a - +0 long sword
rCold    . . .     Gourm    .   (no shield)
rNeg     . . .     Faith    .   b - +0 leather armour
rPois    .         Spirit   .   (helmet restricted)
rElec    .         Reflect  .   (no cloak)
rCorr    .         Harm     .   (no gloves)
MR       .....     NoTele   +   (no boots)
Stlth    +.........             (no amulet)
HPRegen  0.14/turn              (no ring)
MPRegen  0.09/turn              (no ring)

@: corroded, sanguine armour
A: antennae 1, sanguine armour 2
a: no special abilities


You were in the Dungeon.
You were not hungry.

You visited 1 branch You collected 162 gold pieces.

Inventory:

Hand Weapons
 a - a +0 long sword (weapon)
Missiles
 d - 2 throwing nets (quivered)
Armour
 b - a +0 leather armour (worn)
 c - a +0 helmet
Wands
 l - a wand of random effects (20)
Scrolls
 k - a scroll of blinking
Potions
 e - a potion of curing
 g - a potion of heal wounds
 h - a potion of haste
 i - 2 potions of magic
Comestibles
 f - a ration


   Skills:
 + Level 4.2 Fighting
 + Level 7.6 Long Blades
 - Level 3.1 Throwing
 * Level 3.4 Armour
 + Level 7.1 Dodging
 + Level 0.3 Stealth


You had 4 spell levels left.
You didn't know any spells.
Your spell library was empty.

Dungeon Overview and Level Annotations

Branches:
Dungeon (1/1)

Altars:
Sif Muna
Vehumet
Wu Jian


Innate Abilities, Weirdness & Mutations

You have a pair of small antennae on your head.
When seriously injured, your bleeding wounds create thick armour. (AC +9)


Message History

There is an open door here.
Found a radiant altar of Vehumet.
You see here 4 gold pieces.
You see here 11 arrows.
The jelly hits you.
You are splashed with acid!
You completely miss the jelly. The jelly barely misses you.
You hit the jelly.
Your hands burn!
Your blood congeals into armour.
The jelly is moderately wounded.
The jelly closely misses you.
You hit the jelly. The acid corrodes you!
Your hands burn!
The jelly is heavily wounded.
The jelly hits you.
You are splashed with acid.
* * * LOW HITPOINT WARNING * * *
You hit the jelly.
Your hands burn!
* * * LOW HITPOINT WARNING * * *
The jelly is severely wounded.
The jelly hits you.
* * * LOW HITPOINT WARNING * * *
The acid corrodes you!
You are splashed with acid!
You die...

################
#<.#..').#..'..#
#..').#..').#..+
#..#####'#####'#
#..# #..# #$#
#..# #### ##(#
#..# #+#_.+ #⌠⌠#
+..@_# ####
#_J#+# ##+


You could see a jelly.

Vanquished Creatures
  Sigmund (D)
  An ogre (D)
  Ijyb (D)
3 creatures vanquished.

Notes
Turn   | Place    | Note
-------+----------+-------------------------------------------
     0 | D        | silentkaos13 the Demonspawn Gladiator began the quest for
                  | the Orb.
     0 | D        | Reached XP level 1. HP: 16/16 MP: 1/1
     1 | D        | Noticed Ijyb
    10 | D        | Killed Ijyb
    10 | D        | Gained mutation: When seriously injured, your bleeding
                  | wounds create armour. (AC +9) [demonic ancestry]
    10 | D        | Reached XP level 2. HP: 22/23 MP: 2/2
    11 | D        | Noticed an ogre
    14 | D        | Killed an ogre
    14 | D        | Reached skill level 5 in Long Blades
    14 | D        | Reached skill level 5 in Dodging
    14 | D        | Reached XP level 3. HP: 29/29 MP: 3/3
    14 | D        | Gained mutation: When seriously injured, your bleeding
                  | wounds create thick armour. (AC +9) [demonic ancestry]
    14 | D        | Reached XP level 4. HP: 35/35 MP: 4/4
   103 | D        | Noticed Sigmund
   134 | D        | Killed Sigmund
   134 | D        | Gained mutation: You have a pair of small antennae on your
                  | head. [demonic ancestry]
   134 | D        | Reached XP level 5. HP: 20/42 MP: 5/5
   301 | D        | Found an ornate altar of the Wu Jian Council.
   301 | D        | Found a deep blue altar of Sif Muna.
   303 | D        | Found a radiant altar of Vehumet.
   310 | D        | Splashed by a jelly's acid

Skill      XL: |  1  2  3  4 |
---------------+-------------+-----
Long Blades    | 4 5 7 |  7.6
Throwing       | 2 3 |  3.1
Dodging        | 4 5 7 |  7.1
Fighting       | 3 4 |  4.2
Armour         | 3 |  3.4
Stealth        | |  0.3

Action                   |  1- 3 |  4- 6 || total
-------------------------+-------+-------++-------
Melee: Long sword        |     7 |    22 ||    29
Throw: Throwing net      |       |     1 ||     1
  Use: Potion            |     1 |       ||     1
 Stab: Held in net/web   |       |     1 ||     1
Armor: Leather armour    |       |     2 ||     2
Dodge: Dodged            |     3 |     8 ||    11
       Rpst.: Long sword |       |     1 ||     1
